 Dungeon Crawl Stone Soup version 0.30-a0-263-ge22c4ad894 (webtiles) character file.

Game seed: 8613557557790607012

16731 funkygono the Thaumaturge (level 12, -5/64 HPs)
             Began as a Gargoyle Fire Elementalist on Oct 13, 2022.
             Was an Elder of Vehumet.
             Slain by a shadow (26 damage)
             ... on level 12 of the Dungeon.
             The game lasted 00:25:19 (13742 turns).

funkygono the Thaumaturge (GrFE)                   Turns: 13742, Time: 00:25:20

Health: -5/64      AC: 23    Str: 13    XL:     12   Next: 40%
Magic:  1/28       EV: 12    Int: 26    God:    Vehumet [****..]
Gold:   1384       SH:  0    Dex: 10    Spells: 22/35 levels left

rFire   . . .      SeeInvis .    y - +2 morningstar (flame)
rCold   . . .      Faith    .    (no shield)
rNeg    + . .      Spirit   .    B - +3 acid dragon scales
rPois   ∞          Reflect  .    m - +2 hat
rElec   +          Harm     .    x - +1 cloak
rCorr   +          Rampage  .    (no gloves)
Will    +....                    (no boots)
Stlth   +.........               n - amulet of the acrobat
HPRegen 0.30/turn                w - +6 ring of intelligence
MPRegen 0.21/turn                D - ring of willpower

@: no status effects
A: sickness immunity, AC +8, negative energy resistance 1, electricity
resistance, torment resistance 1, petrification resistance
a: Renounce Religion


You were on level 12 of the Dungeon.
You worshipped Vehumet.
Vehumet was greatly pleased with you.
You visited 2 branches of the dungeon, and saw 15 of its levels.
You also visited: Bailey.

You collected 1384 gold pieces.

Inventory:

Hand Weapons
 e - a +1 whip of flaming
 f - a +0 whip
 y - a +2 morningstar of flaming (weapon)
 K - the +5 war axe "Viwogi Ximam" {vorpal, rN+}
   (You took it off a gnoll bouda in a bailey)

   It inflicts extra damage upon your enemies.
   rN:        It protects you from negative energy.
 M - a -1 demon whip of venom
 P - the +9 hand axe "Asmypul" {spect, rElec MP+9 Dex+4}
   (You took it off a kobold on level 10 of the Dungeon)

   When its wielder attacks, the weapon's spirit leaps out and strikes again.
   The spirit shares a part of any damage it takes with its wielder.
   Dex:       It affects your dexterity (+4).
   rElec:     It insulates you from electricity.
   MP:        It affects your magic capacity (+9).
Missiles
 H - 9 throwing nets
Armour
 g - a +1 robe of fire resistance
 m - a +2 hat (worn)
 q - a +0 helmet
 x - a +1 cloak (worn)
 B - +3 acid dragon scales (worn)
Jewellery
 n - an amulet of the acrobat (around neck)
 o - a ring of see invisible
 w - a +6 ring of intelligence (left hand)
 D - a ring of willpower (right hand)
 O - a ring of fire
Wands
 C - a wand of flame (28)
 E - a wand of polymorph (6)
 F - a wand of paralysis (3)
 J - a wand of mindburst (5)
Scrolls
 h - a scroll of blinking
 p - 3 scrolls of teleportation
 r - 2 scrolls of poison
 s - a scroll of summoning
 u - a scroll of enchant armour
Potions
 a - 3 potions of heal wounds
 b - 2 potions of magic
 c - 2 potions of might {unknown}
 d - 2 potions of cancellation
 i - 2 potions of flight
 j - 2 potions of resistance {unknown}
 k - a potion of invisibility {unknown}
 l - 3 potions of mutation
 t - 3 potions of ambrosia
 v - a potion of degeneration {unknown}
 z - 2 potions of lignification
 A - 6 potions of brilliance
 G - 9 potions of curing
Miscellaneous
 I - a phial of floods
 L - a box of beasts


   Skills:
 + Level 2.9 Fighting
 + Level 2.4 Maces & Flails
 + Level 4.0 Armour
 + Level 4.0 Dodging
 - Level 2.1 Stealth
 + Level 12.1 Spellcasting
 + Level 7.7 Conjurations
 + Level 12.0 Fire Magic


You had 22 spell levels left.
You knew the following spells:

 Your Spells              Type           Power      Damage    Failure   Level
a - Foxfire               Conj/Fire      100%       2x1d9     1%          1
b - Scorch                Fire           100%       2d10      1%          2
c - Kindle Blastsparks    Fire/Tloc/Air  72%        2d16      1%          3
d - Flame Wave            Conj/Fire      61%        2d14      1%          4
e - Shock                 Conj/Air       100%       1d9       1%          1
f - Searing Ray           Conj           100%       2d8       1%          2

Your spell library contained the following spells:

 Spells                   Type           Power      Damage    Failure   Level
 Dazzling Flash           Conj/Hex       70%        N/A       1%          3
 Freeze                   Ice            60%        1d7       1%          1
 Hailstorm                Conj/Ice       35%        3d9       1%          3
 Inner Flame              Hex/Fire       47%        N/A       1%          3
 Frozen Ramparts          Ice            30%        1d5       4%          3
 Portal Projectile        Hex/Tloc       30%        N/A       16%         3
 Tukima's Dance           Hex            15%        N/A       16%         3
 Yara's Violent Unravell  Hex/Tmut       7%         3d5       34%         5
 Blade Hands              Tmut           7%         N/A       82%         5
 Enfeeble                 Hex            7%         N/A       100%        7
 Chain Lightning          Conj/Air       17%        3d23      100%        9
 Fire Storm               Conj/Fire      30%        8d8       100%        9
 Shatter                  Erth           7%         3d10*     100%        9


Dungeon Overview and Level Annotations

Branches:
Dungeon (14/15)            Temple (1/1) D:7             Orc (0/2) D:11
 Bailey (visited)
   Lair: D:8-11      Vaults: D:13-14

Altars:
Ashenzari
Cheibriados
Dithmenos
Elyvilon
Fedhas
Gozag
Hepliaklqana
Kikubaaqudgha
Makhleb
Nemelex Xobeh
Okawaru
Qazlal
Ru
Sif Muna
Trog
Uskayaw
Vehumet
Wu Jian
Xom
Yredelemnul
Zin
The Shining One

Shops:
D:3 =   D:6 *

Annotations:
D:7 5 transporters
D:8 3 runed translucent doors


Innate Abilities, Weirdness & Mutations

You are immune to sickness and miasma.
Your stone body is resilient. (AC +8)
You are immune to poison.
You resist negative energy. (rN+)
You are resistant to electric shocks. (rElec)
You are resistant to unholy torment.
You are immune to petrification.


Message History

Reactivating autopickup.
You see here a +0 shortbow.
Casting: Scorch (safe; 1% risk of failure)
Confirm with . or Enter, or press ? or * to list all spells.
You conjure some foxfire!
The shadow closely misses you.
Casting: Foxfire (safe; 1% risk of failure)
Confirm with . or Enter, or press ? or * to list all spells.
You conjure some foxfire!
The shadow is no longer more vulnerable to fire.
The foxfire hits the shadow.
The shadow is severely damaged.
The foxfire hits the shadow.
The shadow is severely damaged.
The shadow hits you.
You barely miss the shadow.
The shadow is severely damaged.
The foxfire hits the shadow but does no damage.
The shadow is severely damaged.
The shadow slips into darkness.
The shadow flickers and vanishes!
Deactivating autopickup; reactivate with Ctrl-A.
The shadow strikes at you from the darkness!
Reactivating autopickup.
Casting: Foxfire (safe; 1% risk of failure)
Confirm with . or Enter, or press ? or * to list all spells.
Flames lash the shadow.
The shadow is almost destroyed.
The shadow's fire resistance burns away.
The shadow closely misses you.
Unknown command.
Casting: Scorch (safe; 1% risk of failure)
Confirm with . or Enter, or press ? or * to list all spells.
Flames lash the shadow but do no damage.
The shadow slips into darkness.
The shadow flickers and vanishes!
Deactivating autopickup; reactivate with Ctrl-A.
Unknown command.
You closely miss something.
The shadow strikes at you from the darkness!
You die...

.# .### ...#
.#.# # ##.#.#
#.#.. .#
#.#.##.#
..#####..@†..#
.......##{####
?...........#
#..###.###.#
#..)..#.#
#.[>..# #
#....)....#
.....#....$#.#
.##..#.....#..#


There were no monsters in sight!

Vanquished Creatures
  Snorg (D:10)
  A hydra (D:13)
  4 two-headed ogres
  A tengu warrior (D:13)
  Amaemon (D:11)
  Pikel (D:5)
  An ugly thing (D:12)
  A cyclops (D:11)
  Joseph (D:10)
  A manticore (D:11)
  An orange demon (D:11)
  A gargoyle (D:12)
  Maggie (D:7)
  An unseen horror (D:13)
  A kobold demonologist (D:12)
  A tengu conjurer (D:13)
  2 hornets
  5 trolls
  A shadow (D:9)
  A wyvern (D:10)
  4 yaks (D:11)
  A steam dragon (D:9)
  Grum (Bailey)
  4 vampire mosquitoes (D:12)
  2 acid dragons
  A water moccasin (D:7)
  An ice beast (D:5)
  6 orc warriors
  2 sky beasts (D:7)
  A black bear (D:5)
  2 ogres
  6 wolves (Bailey)
  7 centaurs
  A lemure (D:5)
  2 kobold brigands
  A phantom (D:5)
  Blork the orc (D:6)
  4 bullfrogs
  2 scorpions (D:5)
  8 gnoll sergeants (Bailey)
  6 killer bees (D:11)
  3 electric eels (D:10)
  A jelly (D:6)
  2 howler monkeys (D:6)
  8 hounds
  7 gnoll boudas
  5 orc priests
  5 iguanas
  Jessica (D:3)
  8 orc wizards
  Robin (D:2)
  17 gnolls
  4 adders
  2 white imps (D:6)
  An ufetubus (D:4)
  A worm (D:3)
  2 dart slugs
  39 orcs
  6 endoplasms
  2 giant cockroaches
  A hobgoblin (D:1)
  14 kobolds
  5 quokkas
  5 ball pythons
  4 bats
  2 frilled lizards
  21 goblins
  2 rats
260 creatures vanquished.

Vanquished Creatures (others)
  917 foxfires
917 creatures vanquished.

Grand Total: 1177 creatures vanquished

Notes
Turn   | Place    | Note
-------+----------+-------------------------------------------
     0 | D:1      | funkygono the Gargoyle Fire Elementalist began the quest
                  | for the Orb.
     0 | D:1      | Reached XP level 1. HP: 10/10 MP: 3/3
   183 | D:1      | Found a faded altar of an unknown god.
   215 | D:1      | Reached XP level 2. HP: 15/15 MP: 3/5
   218 | D:1      | Learned a level 2 spell: Scorch
   570 | D:1      | Reached XP level 3. HP: 19/19 MP: 2/6
   574 | D:1      | Learned a level 3 spell: Kindle Blastsparks
  1764 | D:2      | Reached XP level 4. HP: 24/24 MP: 6/8
  2087 | D:2      | Noticed Robin
  2131 | D:2      | Killed Robin
  2470 | D:3      | Found Mifat's Jewellery Emporium.
  2698 | D:3      | Noticed Jessica
  2702 | D:3      | Killed Jessica
  2775 | D:3      | Found an opulent altar of Gozag.
  2775 | D:3      | Found a sparkling altar of Nemelex Xobeh.
  2859 | D:3      | Reached XP level 5. HP: 28/28 MP: 5/10
  3172 | D:3      | Found a white marble altar of Elyvilon.
  3750 | D:4      | Noticed an ogre
  3754 | D:4      | Killed an ogre
  3755 | D:4      | Reached XP level 6. HP: 32/32 MP: 4/12
  4406 | D:4      | Reached skill level 5 in Fire Magic
  4814 | D:4      | Learned a level 4 spell: Flame Wave
  4860 | D:5      | Entered Level 5 of the Dungeon
  4889 | D:5      | Noticed Pikel
  4997 | D:5      | Reached XP level 7. HP: 26/37 MP: 6/13
  5080 | D:5      | Killed Pikel
  5081 | D:5      | Reached skill level 5 in Spellcasting
  5081 | D:5      | Reached XP level 8. HP: 19/42 MP: 1/16
  5247 | D:5      | Reached skill level 1 in Fighting
  5633 | D:5      | Noticed a two-headed ogre
  5646 | D:5      | Killed a two-headed ogre
  5647 | D:5      | Reached XP level 9. HP: 22/47 MP: 0/20
  5791 | D:5      | Found a basalt altar of Yredelemnul.
  5791 | D:5      | Found a blossoming altar of Fedhas.
  5799 | D:5      | Found a broken altar of Ashenzari.
  5801 | D:5      | Found a shadowy altar of Dithmenos.
  5803 | D:5      | Found a radiant altar of Vehumet.
  5810 | D:5      | Became a worshipper of Vehumet
  6077 | D:6      | Noticed Blork the orc
  6082 | D:6      | Killed Blork the orc
  6770 | D:6      | Found Voynona's Assorted Antiques.
  7146 | D:7      | Found a staircase to the Ecumenical Temple.
  7166 | D:7      | Reached * piety under Vehumet
  7166 | D:7      | Offered knowledge of Shock by Vehumet.
  7167 | D:7      | Reached skill level 5 in Conjurations
  7212 | Temple   | Entered the Ecumenical Temple
  7459 | D:7      | Found a transporter.
  7459 | D:7      | Found a transporter.
  7518 | D:7      | Reached skill level 1 in Maces & Flails
  7674 | D:7      | Found a transporter.
  7674 | D:7      | Noticed a deep elf pyromancer
  7676 | D:7      | Found a transporter.
  7676 | D:7      | Noticed a centaur warrior
  7703 | D:7      | Found a transporter.
  7829 | D:7      | Found an ornate altar of the Wu Jian Council.
  7829 | D:7      | Noticed Maggie
  7838 | D:7      | Killed Maggie
  7839 | D:7      | Reached XP level 10. HP: 53/53 MP: 12/22
  8139 | D:7      | Learned a level 1 spell: Shock
  8322 | D:8      | Found a runed translucent gate.
  8322 | D:8      | Found a runed translucent gate.
  8322 | D:8      | Found a runed translucent gate.
  8322 | D:8      | Noticed a white ugly thing
  8323 | D:8      | Noticed a purple ugly thing
  8323 | D:8      | Noticed a white ugly thing
  8324 | D:8      | Noticed a brown ugly thing
  8864 | D:9      | Noticed a two-headed ogre
  9095 | D:9      | Killed a two-headed ogre
  9096 | D:9      | Reached skill level 1 in Armour
 10016 | D:10     | Entered Level 10 of the Dungeon
 10241 | D:10     | Noticed a two-headed ogre
 10249 | D:10     | Killed a two-headed ogre
 10250 | D:10     | Reached skill level 10 in Spellcasting
 10250 | D:10     | Reached skill level 10 in Fire Magic
 10269 | D:10     | Reached XP level 11. HP: 58/58 MP: 16/25
 10404 | D:10     | Found a flagged portal.
 10413 | Bailey   | Entered a bailey
 10683 | Bailey   | Reached ** piety under Vehumet
 10695 | Bailey   | Offered knowledge of Momentum Strike by Vehumet.
 10740 | Bailey   | Noticed Grum
 10761 | Bailey   | Killed Grum
 10886 | Bailey   | Identified the +5 war axe "Viwogi Ximam" {vorpal, rN+}
 11074 | Bailey   | Offered knowledge of Searing Ray by Vehumet.
 11687 | D:10     | Learned a level 2 spell: Searing Ray
 11753 | D:10     | Noticed Snorg
 11764 | D:10     | Killed Snorg
 11876 | D:10     | Identified the +9 hand axe "Asmypul" {spect, rElec MP+9
                  | Dex+4}
 11886 | D:10     | Reached *** piety under Vehumet
 12173 | D:10     | Noticed Joseph
 12182 | D:10     | Killed Joseph
 12584 | D:11     | Noticed a cyclops
 12592 | D:11     | Killed a cyclops
 12769 | D:11     | Noticed Amaemon
 12777 | D:11     | Killed Amaemon
 12899 | D:11     | Noticed a two-headed ogre
 12906 | D:11     | Killed a two-headed ogre
 13273 | D:11     | Offered knowledge of Dazzling Flash by Vehumet.
 13283 | D:11     | Reached XP level 12. HP: 55/64 MP: 9/27
 13383 | D:11     | Found a staircase to the Orcish Mines.
 13583 | D:11     | You fall into a shaft and drop 3 floors!
 13593 | D:13     | Noticed a tengu warrior
 13594 | D:13     | Noticed a seven-headed hydra
 13603 | D:13     | Killed a seven-headed hydra
 13605 | D:13     | Killed a tengu warrior
 13725 | D:12     | Reached **** piety under Vehumet
 13742 | D:12     | Slain by a shadow

Illustrated notes

Levels and vault maps discovered:
D:1:      onia_arrival_pentagram, layout_basic, chequers_ecumenical_altar_twisty
D:2:      layout_basic, minivault_14, uniq_robin
D:3:      layout_loops_ring, mainiacjoe_overflow_chevrons,
          grunt_temple_overflow_opulence, serial_shops, shop,
          grunt_decor_fettered, uniq_jessica
D:4:      layout_loops_corners
D:5:      layout_rooms, chequers_temple_overflow_minitemple,
          minmay_splitting_lines, corner_web_ring, uniq_pikel
D:6:      layout_loops_corners, serial_shops, shop, minmay_bent,
          uniq_blork_the_orc
D:7:      gammafunk_the_bubble [the_bubble_gammafunk_roulette], layout_rooms,
          mainiacjoe_overflow_six_doors_small, minmay_temple_entry_wispy,
          uniq_maggie
D:8:      layout_rooms, ploomutoo_gammafunk_ghost_potion_laboratory,
          minmay_misc_feat_square
D:9:      layout_grid_maze
D:10:     layout_basic, enter_bailey_3, nicolae_hexahallways, uniq_joseph,
          uniq_snorg
D:11:     layout_roguey, lair_entry_dummy, david_orc_4, uniq_amaemon
D:12:     layout_loops_cross, serial_shops, shop, serial_bayou_pond_a,
          st_stairs_3, nicolae_ru_the_path_less_chosen, uniq_josephine
D:13:     layout_layer_cave, erik_vaults_1, uniq_lodul, uniq_urug
D:14:     cheibrodos_shockbox, layout_loops_ring, serial_park_paths
          [serial_park_minivault_5x5_3]
Temple:   hellmonk_temple_forest_ring

Skill      XL: |  1  2  3  4  5  6  7  8  9 10 11 12 |
---------------+-------------------------------------+-----
Spellcasting   | 3 4 5 7 8 10 11 12 | 12.1
Conjurations   | 2 3 4 5 6 7 |  7.7
Fire Magic     | 4 5 6 7 8 10 11 12 | 12.0
Dodging        | 2 3 4 |  4.0
Fighting       | 1 2 |  2.9
Maces & Flails | 1 2 |  2.4
Armour         | 2 3 4 |  4.0
Stealth        | |  2.1

Action                   |  1- 3 |  4- 6 |  7- 9 | 10-12 || total
-------------------------+-------+-------+-------+-------++-------
Melee: Whip              |     5 |     5 |    29 |    18 ||    57
       Morningstar       |       |       |       |    13 ||    13
 Cast: Foxfire           |    58 |    91 |   115 |   257 ||   521
       Scorch            |     4 |    27 |    31 |    75 ||   137
       Flame Wave        |       |       |     4 |    22 ||    26
       Searing Ray       |       |       |       |     1 ||     1
       Kindle Blastspark |       |       |       |     1 ||     1
  Use: Scroll            |       |    10 |       |    13 ||    23
       Potion            |       |       |     1 |     2 ||     3
Armor: Robe              |     6 |    13 |    34 |       ||    53
       Acid dragon scale |       |       |       |    99 ||    99
Dodge: Dodged            |     5 |    38 |    50 |   205 ||   298

Table legend: (Time is in decaauts)
 A = Elapsed time spent in this place.
 B = Non-inter-level travel time spent in this place.
 C = Inter-level travel time spent in this place.
 D = Time resting spent in this place.
 E = Time spent auto-exploring this place.
 F = Levels seen in this place.
 G = Mean time per level.
                   A        B        C        D        E       F      G
               +--------+--------+--------+--------+--------+-----+--------+
         Total |  13752 |  13380 |    372 |   1091 |  10026 |  16 |  859.5 |
       Dungeon |  12386 |  12028 |    358 |    583 |   9648 |  14 |  884.7 |
        Temple |    214 |    200 |     14 |      0 |    136 |   1 |  214.0 |
        Bailey |   1151 |   1151 |      0 |    508 |    242 |   1 | 1151.0 |
               +--------+--------+--------+--------+--------+-----+--------+

Top non-repeatable levels by time:
    D:10: 1417 daAuts
     D:4: 1380 daAuts
     D:3: 1214 daAuts
     D:2: 1205 daAuts
     D:6: 1167 daAuts
  Bailey: 1151 daAuts
     D:1: 1141 daAuts
     D:9: 1129 daAuts
     D:5: 1041 daAuts
    D:11: 1001 daAuts
     D:7: 815 daAuts
     D:8: 711 daAuts
  Temple: 214 daAuts
    D:13: 91 daAuts
    D:12: 59 daAuts
